[Event "Titled Tuesday Blitz February 07 Late 2023"]
[White "Koc, Przemyslaw"]
[Black "Rottenwohrer Suarez, Juan"]
[WhiteFideId "1109081"]
[BlackFideId "32068182"]
[WhiteElo "2346"]
[BlackElo "2265"]
[Result "0-1"]
[Round "08"]
[TimeControl "180+2"]
[Date "2023.02.07"]
[WhiteClock "0:00:23"]
[BlackClock "0:00:01"]

1. d4 Nf6 2. Bg5 d5 3. Nd2 c5 4. e3 Nc6 5. Ngf3 cxd4 6. exd4 Qb6 7. Bxf6 gxf6 8. Nb3 a5 9. a4 Bg4 10. Bb5 e6 11. h3 Bh5 12. g4 Bg6 13. Nh4 Be4 14. f3 Bg6 15. O-O Bd6 16. Kg2 O-O-O 17. Qd2 h5 18. Nxg6 fxg6 19. Bxc6 bxc6 20. Qxa5 Qxa5 21. Nxa5 hxg4 22. fxg4 Rdf8 23. Nxc6 Kc7 24. Na5 f5 25. gxf5 gxf5 26. Rf3 Rh4 27. Nb3 Rg8+ 28. Kf2 Rgh8 29. Rh1 Kb6 30. c3 Ra8 31. a5+ Kb5 32. Re1 Rh6 33. Rfe3 Re8 34. Ra1 f4 35. Rf3 Ra8 36. Nc1 Rxa5 37. Rxa5+ Kxa5 38. Nd3 Rh4 39. b3 Kb5 40. Ne1 Rh8 41. Ng2 Rc8 42. h4 Rc7 43. h5 Rh7 44. Rh3 Kc6 45. Kf3 e5 46. dxe5 Bxe5 47. Kg4 Rb7 48. b4 d4 49. cxd4 Bxd4 50. Nxf4 Rxb4 51. h6 Be5 52. Rf3 Kd6 53. Kg5 Rb8 54. Ng6 Bd4 55. h7 Kd5 56. Kh6 Rb1 57. Rf5+ Ke4 58. Rf4+ Ke3 59. Rh4 Bf6 60. Rh3+ Ke4 61. Nf8 Rg1 62. Nd7 Bg7+ 63. Kh5 Bd4 64. Rh4+ Ke3 65. Nf8 Bf6 66. Ng6 Rg5+ 67. Kh6 Rg1 68. Rh5 Ke4 69. Nh4 Bg7# 0-1


[Site "https://www.chess.com"]

[Event "Titled Tuesday Blitz February 07 Late 2023"]
[White "Chan, Luis"]
[Black "Remolar Gallen, Jose"]
[WhiteFideId "3216357"]
[BlackFideId "2215187"]
[WhiteElo "2208"]
[BlackElo "2285"]
[Result "0-1"]
[Round "08"]
[TimeControl "180+2"]
[Date "2023.02.07"]
[WhiteClock "0:00:28"]
[BlackClock "0:00:32"]

1. b3 e5 2. Bb2 Nc6 3. e3 Nf6 4. Bb5 Bd6 5. Na3 Na5 6. Be2 c6 7. c4 Qe7 8. Nc2 c5 9. d4 cxd4 10. exd4 Nc6 11. d5 Nb4 12. Nf3 Nxc2+ 13. Qxc2 Bb4+ 14. Kf1 d6 15. a3 Ba5 16. b4 Bc7 17. Rd1 O-O 18. h4 Bg4 19. h5 Bxh5 20. Ng5 Bg6 21. Qd2 a5 22. Bd3 e4 23. Bb1 axb4 24. axb4 Rfe8 25. Re1 h6 26. Nh3 Bb6 27. Nf4 e3 28. Nxg6 exd2 29. Nxe7+ Rxe7 30. Rd1 Rae8 31. Bc3 Re1+ 0-1


[Site "https://www.chess.com"]

[Event "Titled Tuesday Blitz February 07 Late 2023"]
[White "Carrasco Miranda, Andres"]
[Black "O`Gorman, Tom"]
[WhiteFideId "3405990"]
[BlackFideId "2508249"]
[WhiteElo "2240"]
[BlackElo "2355"]
[Result "1-0"]
[Round "08"]
[TimeControl "180+2"]
[Date "2023.02.07"]
[WhiteClock "0:00:03"]
[BlackClock "0:00:05"]

1. d4 Nf6 2. c4 e6 3. g3 c5 4. Nf3 cxd4 5. Nxd4 Nc6 6. Bg2 Bb4+ 7. Nc3 d5 8. O-O O-O 9. cxd5 exd5 10. Nc2 Bc5 11. Nxd5 Nxd5 12. Qxd5 Qb6 13. Qb3 Bf5 14. Ne3 Be6 15. Qxb6 axb6 16. a3 Nd4 17. Bf3 Nxf3+ 18. exf3 b5 19. Bd2 Bd4 20. Bc3 Bxc3 21. bxc3 Rfc8 22. Rfc1 Ra5 23. f4 g6 24. Nc2 Rxc3 25. Nd4 Rxc1+ 26. Rxc1 Rxa3 27. Nxe6 fxe6 28. Rc7 Rb3 29. Rxb7 b4 30. Kg2 Rb1 31. Kh3 b3 32. Kg4 Rb2 33. Kg5 Rxf2 34. Kf6 h5 35. Kxg6 Kf8 36. Rxb3 Rxh2 37. Kf6 Kg8 38. Rb8+ Kh7 39. Rb7+ Kh6 40. Kxe6 Rg2 41. Rb3 Kg6 42. Re3 Rf2 43. Re5 Rf3 44. Rg5+ Kh6 45. Kf5 Ra3 46. Rg6+ Kh7 47. Re6 Rxg3 48. Kf6 h4 49. f5 h3 50. Re4 Kg8 51. Ke7 Rf3 52. f6 Rf2 53. Rg4+ Kh7 54. f7 Re2+ 55. Kf8 h2 56. Rh4+ Kg6 57. Rh3 Kg5 58. Kg7 Kg4 59. Rxh2 Rxh2 60. f8=Q Rg2 61. Kh6 Kh3 62. Kh5 Kh2 63. Kh4 Kg1 64. Qf4 Rh2+ 65. Kg3 Rg2+ 66. Kh3 Rf2 67. Qe3 Kf1 68. Kg4 Re2 69. Qh3+ Ke1 70. Kf3 Kd2 71. Qd7+ Ke1 72. Qd4 Rc2 73. Qe3+ Kd1 74. Qb3 Kc1 75. Ke3 Rd2 76. Qc3+ Rc2 77. Qa1# 1-0


[Site "https://www.chess.com"]

[Event "Titled Tuesday Blitz February 07 Late 2023"]
[White "Aggelis, Nikolaos"]
[Black "Van Dael, Siem"]
[WhiteFideId "4213220"]
[BlackFideId "1049771"]
[WhiteElo "2270"]
[BlackElo "2319"]
[Result "1-0"]
[Round "08"]
[TimeControl "180+2"]
[Date "2023.02.07"]
[WhiteClock "0:00:23"]
[BlackClock "0:00:04"]

1. d4 Nf6 2. g3 g6 3. Bg2 Bg7 4. Nf3 O-O 5. O-O d6 6. b3 Ne4 7. Bb2 c5 8. Nbd2 f5 9. Nxe4 fxe4 10. Nd2 cxd4 11. Nxe4 Nc6 12. Ng5 e5 13. Bd5+ Kh8 14. Nf7+ Rxf7 15. Bxf7 Bh3 16. Re1 Qf6 17. Bd5 Rf8 18. f3 Ne7 19. Bxb7 Nf5 20. Bc1 g5 21. Qd3 g4 22. Bd2 Bh6 23. Bxh6 Qxh6 24. fxg4 Ne3 25. c3 Nxg4 26. Qe4 Nxh2 27. Kxh2 Bg4+ 28. Kg1 Qh3 29. Qg2 Qh6 30. Rf1 Qe3+ 31. Kh1 Rb8 32. Bf3 Bf5 33. cxd4 exd4 34. Qf2 Qg5 35. Qxd4+ 1-0


[Site "https://www.chess.com"]

[Event "Titled Tuesday Blitz February 07 Late 2023"]
[White "Kavutskiy, Konstantin"]
[Black "Ruiz Aguilar, Pablo Alexander"]
[WhiteFideId "2026384"]
[BlackFideId "4401352"]
[WhiteElo "2414"]
[BlackElo "2161"]
[Result "1-0"]
[Round "08"]
[TimeControl "180+2"]
[Date "2023.02.07"]
[WhiteClock "0:01:49"]
[BlackClock "0:01:05"]

1. d4 d5 2. c4 c6 3. Nf3 Nf6 4. e3 e6 5. b3 Nbd7 6. Bd3 Bb4+ 7. Nbd2 Be7 8. Bb2 a5 9. O-O a4 10. e4 O-O 11. e5 Ne8 12. Qe2 Nc7 13. Bc2 b5 14. Qd3 g6 15. c5 a3 16. Bc1 b4 17. Re1 Nb5 18. Nf1 Nc3 19. Bh6 Re8 20. Ng3 Ba6 21. Qd2 Qa5 22. Qf4 Nxc5 23. Ng5 Bxg5 24. Bxg5 Nd3 25. Bxd3 Bxd3 26. Bf6 1-0


[Site "https://www.chess.com"]

[Event "Titled Tuesday Blitz February 07 Late 2023"]
[White "Ismagilov, Damir"]
[Black "Gurevich, Ilya"]
[WhiteFideId "34199982"]
[BlackFideId "2000628"]
[WhiteElo "2156"]
[BlackElo "2586"]
[Result "1-0"]
[Round "08"]
[TimeControl "180+2"]
[Date "2023.02.07"]
[WhiteClock "0:00:32"]
[BlackClock "0:00:04"]

1. e4 c5 2. Nf3 e6 3. g3 d5 4. exd5 exd5 5. d4 Nc6 6. Bg2 cxd4 7. O-O Bc5 8. Nbd2 Nge7 9. Nb3 Bb6 10. Nbxd4 O-O 11. c3 Bg4 12. Re1 Re8 13. h3 Nxd4 14. hxg4 Nxf3+ 15. Bxf3 Qd6 16. Kg2 Rad8 17. Bf4 Qc5 18. Be3 Qd6 19. Qd2 Bxe3 20. Rxe3 Ng6 21. Rxe8+ Rxe8 22. Qxd5 Qxd5 23. Bxd5 b6 24. Rd1 h6 25. Bc4 Ne5 26. Re1 Kf8 27. Bb5 Re7 28. Rd1 f6 29. f3 Kf7 30. Kf2 Rc7 31. Rd8 Ke7 32. Rd1 Kf7 33. a4 Ke7 34. Be2 Kf7 35. f4 Nd7 36. Bc4+ Ke7 37. Re1+ Kd6 38. Re6+ Kc5 39. b3 Nf8 40. Re8 Ng6 41. Rd8 Ne7 42. Bb5 1-0


[Site "https://www.chess.com"]

[Event "Titled Tuesday Blitz February 07 Late 2023"]
[White "Tari, Aryan"]
[Black "Volkmann, Andre Jordi"]
[WhiteFideId "1510045"]
[BlackFideId "2154463"]
[WhiteElo "2642"]
[BlackElo "2158"]
[Result "1-0"]
[Round "08"]
[TimeControl "180+2"]
[Date "2023.02.07"]
[WhiteClock "0:00:31"]
[BlackClock "0:00:18"]

1. e4 c6 2. Bc4 d5 3. Bb3 dxe4 4. Qh5 e6 5. Nc3 Nf6 6. Qe2 Be7 7. Nxe4 O-O 8. f4 b6 9. Nf3 Ba6 10. d3 c5 11. Neg5 Nc6 12. O-O Na5 13. Nxf7 Rxf7 14. Bxe6 Bc8 15. Ng5 Bxe6 16. Qxe6 Qf8 17. Bd2 Nb7 18. Rae1 Re8 19. Bc3 h6 20. Nxf7 Qxf7 21. Qxf7+ Kxf7 22. h3 Nd6 23. g4 Nb5 24. Be5 Nd4 25. c3 Nc6 26. Kg2 Nd7 27. d4 cxd4 28. cxd4 Bf6 29. Rc1 Nb4 30. Rc7 Rd8 31. Rxa7 Kg8 32. Rc1 Nd5 33. Rc6 Bxe5 34. fxe5 Nf8 35. Kf3 Ng6 36. Rxg6 1-0


[Site "https://www.chess.com"]

[Event "Titled Tuesday Blitz February 07 Late 2023"]
[White "Zochowski, Kacper"]
[Black "Cuenca Jimenez, Jose Fernando"]
[WhiteFideId "1125494"]
[BlackFideId "2255570"]
[WhiteElo "2262"]
[BlackElo "2535"]
[Result "1-0"]
[Round "08"]
[TimeControl "180+2"]
[Date "2023.02.07"]
[WhiteClock "0:00:29"]
[BlackClock "0:00:03"]

1. Nf3 Nf6 2. c4 g6 3. b3 Bg7 4. Bb2 O-O 5. g3 d6 6. d4 e5 7. dxe5 dxe5 8. Qxd8 Rxd8 9. Nxe5 Ng4 10. Nd3 Bxb2 11. Nxb2 Nc6 12. h3 Nb4 13. Na3 Nf6 14. Bg2 Bf5 15. Bxb7 Rab8 16. Bf3 Rd6 17. g4 Ra6 18. gxf5 Rxa3 19. O-O Rxa2 20. Rxa2 Nxa2 21. Ra1 Nc3 22. Rxa7 Rxb3 23. Nd3 gxf5 24. Rxc7 Nce4 25. Ne5 Nd2 26. Bd5 Nxd5 27. cxd5 Rb5 28. d6 Rxe5 29. d7 Rd5 30. Rc8+ Kg7 31. d8=Q Rxd8 32. Rxd8 Ne4 33. Kg2 Ng5 34. Ra8 Ne6 35. f3 Kg6 36. Kg3 h5 37. e3 Ng7 38. Ra6+ Ne6 39. Kh4 Kh6 40. Ra1 Nf8 41. Rg1 Ng6+ 42. Kg3 h4+ 43. Kf2 Kg7 44. Ra1 Kf6 45. Ra4 Kg5 46. Ra5 Kf6 47. Ke2 Ke6 48. f4 Kf6 49. Kd3 Nf8 50. Ra8 Ng6 51. Kd4 Kg7 52. Kd5 Kf6 53. Ra6+ Kg7 54. Kd6 Kf6 55. Ra5 Nf8 56. Ra1 Ng6 57. Rg1 Nf8 58. Rg5 Ng6 59. Rh5 Kg7 60. Rxf5 Kf8 61. Rg5 Kg7 62. f5 Kf6 63. fxg6 1-0


[Site "https://www.chess.com"]

[Event "Titled Tuesday Blitz February 07 Late 2023"]
[White "Leiva, Gianmarco"]
[Black "reevecanada"]
[WhiteFideId "3804399"]
[WhiteElo "2392"]
[BlackElo "2474"]
[Result "1-0"]
[Round "08"]
[TimeControl "180+2"]
[Date "2023.02.07"]
[WhiteClock "0:00:06"]
[BlackClock "0:01:48"]

1. e4 d5 2. exd5 Qxd5 3. Nc3 Qa5 4. Bc4 e6 5. d4 Nf6 6. Nf3 Bb4 7. Bd2 O-O 8. O-O c5 9. a3 Bxc3 10. Bxc3 Qc7 11. Qe2 Nbd7 12. dxc5 Qxc5 13. Bb4 Qc7 14. Bxf8 Nxf8 15. Rad1 b6 16. Ne5 Bb7 17. Rd4 Rc8 18. Rfd1 a6 19. Bxa6 Bxa6 20. Qxa6 Qxc2 21. h3 Qxb2 22. Qxc8 Qxa3 23. Rd8 Nd5 24. Nd7 g6 25. Rxf8+ Kg7 26. Rg8+ Kh6 27. Qc4 Qe7 28. Qc1+ g5 29. Ne5 Nf4 30. Ng4+ Kh5 31. Qb2 Qb7 32. f3 Qc7 33. Rxg5+ Kh4 34. g3+ Kxg3 35. Qf2+ Kxh3 36. Qh2# 1-0


[Site "https://www.chess.com"]

[Event "Titled Tuesday Blitz February 07 Late 2023"]
[White "Haydon, David L"]
[Black "Flynn, Jacob"]
[WhiteFideId "415405"]
[BlackFideId "2509393"]
[WhiteElo "2253"]
[BlackElo "2102"]
[Result "0-1"]
[Round "08"]
[TimeControl "180+2"]
[Date "2023.02.07"]
[WhiteClock "0:01:08"]
[BlackClock "0:00:58"]

1. d4 Nf6 2. c4 e6 3. Nf3 d5 4. g3 Be7 5. Bg2 O-O 6. O-O dxc4 7. Qc2 a6 8. a4 Bd7 9. Ne5 Bc6 10. Nxc6 Nxc6 11. Bxc6 bxc6 12. Qxc4 Qd5 13. Qd3 Rfd8 14. Rd1 c5 15. Qc2 cxd4 16. Qxc7 Rd7 17. Qc2 e5 18. Bg5 Qe6 19. Bxf6 Bxf6 20. Nd2 g6 21. b4 Rb8 22. Rab1 Rdb7 23. Ne4 Rxb4 24. Rxb4 Rxb4 25. Rc1 Kg7 26. Qc7 Qb6 27. Qd7 Rb1 28. Nd6 Rxc1+ 29. Kg2 Qc6+ 30. Qxc6 Rxc6 31. Ne8+ Kf8 32. Nxf6 Rxf6 0-1


[Site "https://www.chess.com"]

[Event "Titled Tuesday Blitz February 07 Late 2023"]
[White "Chor, Kevin"]
[Black "Estrada Nieto, Julian"]
[WhiteFideId "2090740"]
[BlackFideId "5101018"]
[WhiteElo "1944"]
[BlackElo "2215"]
[Result "1/2-1/2"]
[Round "08"]
[TimeControl "180+2"]
[Date "2023.02.07"]
[WhiteClock "0:02:35"]
[BlackClock "0:02:41"]

1. e4 e5 2. Nf3 Nc6 3. Bb5 a6 4. Ba4 Nf6 5. O-O Be7 6. Re1 b5 7. Bb3 d6 8. c3 O-O 9. d4 Bb7 10. Nbd2 Re8 11. Ng5 Rf8 12. Ngf3 Re8 13. Ng5 Rf8 14. Ngf3 1/2-1/2


[Site "https://www.chess.com"]

[Event "Titled Tuesday Blitz February 07 Late 2023"]
[White "Kleiman, Jake"]
[Black "Nilsen, Tobias Lang"]
[WhiteFideId "2020041"]
[BlackFideId "1521624"]
[WhiteElo "2399"]
[BlackElo "2247"]
[Result "1-0"]
[Round "08"]
[TimeControl "180+2"]
[Date "2023.02.07"]
[WhiteClock "0:00:38"]
[BlackClock "0:01:15"]

1. Nf3 d5 2. g3 Nc6 3. Bg2 e5 4. O-O e4 5. Ne1 h5 6. d3 h4 7. dxe4 hxg3 8. hxg3 d4 9. e3 Bc5 10. exd4 Nxd4 11. c3 Nc6 12. Qxd8+ Nxd8 13. Nd3 Bb6 14. Nd2 Ne6 15. Nc4 Nf6 16. Nxb6 axb6 17. f4 Bd7 18. Ne5 Bb5 19. Rd1 Ke7 20. Be3 Rhd8 21. a3 Ba4 22. Rxd8 Rxd8 23. Kf2 Bc2 24. f5 Nf8 25. Bg5 Nh7 26. Bh4 Rd2+ 27. Kg1 Bb3 28. Nf3 Re2 29. e5 Rxb2 30. Re1 Kd8 31. exf6 gxf6 32. Nd4 Bc4 33. Bxb7 Ra2 34. Bc6 1-0


[Site "https://www.chess.com"]

[Event "Titled Tuesday Blitz February 07 Late 2023"]
[White "Filgueira, Hernan"]
[Black "CheckBits"]
[WhiteFideId "101770"]
[WhiteElo "2283"]
[BlackElo "2403"]
[Result "1-0"]
[Round "08"]
[TimeControl "180+2"]
[Date "2023.02.07"]
[WhiteClock "0:00:07"]
[BlackClock "0:00:13"]

1. e4 e5 2. Nf3 Nc6 3. Bb5 Nf6 4. d3 Bc5 5. Nbd2 d6 6. c3 a6 7. Ba4 Ba7 8. h3 Bd7 9. Bb3 Ne7 10. Nf1 Ng6 11. Ng3 Qc8 12. d4 Be6 13. Bc2 O-O 14. Be3 c5 15. d5 Bd7 16. Nf5 Qc7 17. O-O c4 18. Bg5 Ne8 19. Qd2 f6 20. Be3 Bxe3 21. fxe3 b5 22. h4 Bxf5 23. exf5 Ne7 24. e4 Qc5+ 25. Kh2 Nc7 26. g4 Kf7 27. g5 a5 28. Rg1 b4 29. gxf6 gxf6 30. Raf1 bxc3 31. bxc3 Qa3 32. Rg3 Na6 33. Qh6 Ke8 34. Ng5 fxg5 35. Qh5+ Kd7 36. f6 Qxa2 37. Rf2 Rxf6 38. Rxf6 Qxc2+ 39. Rg2 Qxe4 40. hxg5 Rb8 41. Qh3+ Kc7 42. Rf7 Re8 43. Qxh7 Kd8 44. Qxe4 Nc5 45. Qxc4 e4 46. g6 Rh8+ 47. Rh7 Rg8 48. g7 Nf5 49. Rh8 Ke7 50. Rxg8 Ne3 51. Re8+ Kxe8 52. g8=Q+ Kd7 53. Rg7# 1-0


[Site "https://www.chess.com"]

[Event "Titled Tuesday Blitz February 07 Late 2023"]
[White "Sarkar, Justin"]
[Black "Prem, Pranav"]
[WhiteFideId "2010011"]
[BlackFideId "30901057"]
[WhiteElo "2309"]
[BlackElo "2061"]
[Result "0-1"]
[Round "08"]
[TimeControl "180+2"]
[Date "2023.02.07"]
[WhiteClock "0:00:01"]
[BlackClock "0:01:31"]

1. e4 c5 2. Nf3 d6 3. d4 cxd4 4. Nxd4 Nf6 5. Nc3 a6 6. Bg5 Nbd7 7. Qe2 h6 8. Bh4 g6 9. O-O-O e5 10. Nb3 Be7 11. f3 b5 12. Bf2 b4 13. Nb1 a5 14. c4 Ba6 15. N1d2 Qc7 16. Kb1 a4 17. Nc1 O-O 18. h4 Rfc8 19. g4 d5 0-1


[Site "https://www.chess.com"]

[Event "Titled Tuesday Blitz February 07 Late 2023"]
[White "Veiga, Jose Francisco R P Neves"]
[Black "Melikhov, Evgeny V."]
[WhiteFideId "1930087"]
[BlackFideId "4122046"]
[WhiteElo "2406"]
[BlackElo "2269"]
[Result "1-0"]
[Round "08"]
[TimeControl "180+2"]
[Date "2023.02.07"]
[WhiteClock "0:01:39"]
[BlackClock "0:00:15"]

1. b3 e5 2. Bb2 Nc6 3. e3 a6 4. Nf3 e4 5. Nd4 Nxd4 6. Bxd4 d5 7. c4 Bf5 8. cxd5 Qxd5 9. Nc3 Qd7 10. f3 exf3 11. Qxf3 O-O-O 12. Bxa6 c5 13. Bb5 Qe6 14. Bc4 Qd7 15. Nd5 Bg4 16. Qf4 Bd6 17. Nb6+ Kc7 18. Nxd7 Bxf4 19. Bxg7 Bh6 20. Bxh8 Rxd7 21. O-O Rxd2 22. Rxf7+ Kb6 23. Re1 Bh5 24. Rxh7 1-0


[Site "https://www.chess.com"]

[Event "Titled Tuesday Blitz February 07 Late 2023"]
[White "Kalajzic, Ivan"]
[Black "Toncheva, Nadya"]
[WhiteFideId "14506378"]
[BlackFideId "2924056"]
[WhiteElo "2062"]
[BlackElo "2295"]
[Result "0-1"]
[Round "08"]
[TimeControl "180+2"]
[Date "2023.02.07"]
[WhiteClock "0:00:13"]
[BlackClock "0:00:21"]

1. d4 d5 2. Nc3 Nf6 3. Bg5 Nbd7 4. e3 c5 5. Nf3 e6 6. Bd3 h6 7. Bh4 Be7 8. O-O c4 9. Be2 O-O 10. Ne5 Nxe5 11. dxe5 Nd7 12. Bxe7 Qxe7 13. f4 Nc5 14. Bf3 Bd7 15. Ne2 b5 16. b4 Na4 17. c3 a5 18. a3 Nb2 19. Qd2 Nd3 20. Nd4 Ra7 21. Be2 Rfa8 22. Bxd3 cxd3 23. Rab1 axb4 24. axb4 Be8 25. Qxd3 Qc7 26. Nb3 Ra2 27. Nc5 Bc6 28. Rbc1 d4 29. Rf2 dxe3 30. Qxe3 Qd8 31. Rcf1 Qd5 32. Qf3 Rxf2 33. Kxf2 Qd2+ 34. Qe2 Qxf4+ 35. Kg1 Qg5 36. h3 Bd5 37. Kh2 Ra2 38. Ne4 Rxe2 39. Nxg5 Rxg2+ 40. Kh1 Rxg5+ 41. Kh2 Rg2+ 0-1


[Site "https://www.chess.com"]

[Event "Titled Tuesday Blitz February 07 Late 2023"]
[White "Petrovic, Aleksa"]
[Black "Miszler, Levente"]
[WhiteFideId "967629"]
[BlackFideId "763276"]
[WhiteElo "2332"]
[BlackElo "2271"]
[Result "1-0"]
[Round "08"]
[TimeControl "180+2"]
[Date "2023.02.07"]
[WhiteClock "0:00:07"]
[BlackClock "0:00:11"]

1. d4 Nf6 2. c4 c5 3. d5 e6 4. Nf3 exd5 5. cxd5 d6 6. Nc3 g6 7. Nd2 Bg7 8. e4 O-O 9. Be2 a6 10. a4 Re8 11. O-O Nbd7 12. Qc2 Rb8 13. Ra3 b5 14. axb5 axb5 15. Bxb5 Ng4 16. Be2 Nde5 17. h3 Nf6 18. f4 Ned7 19. Nc4 Qc7 20. Bd2 Nb6 21. Nb5 Qd7 22. Ncxd6 Rd8 23. Nxc8 Rbxc8 24. Ra7 Qe8 25. Nc3 Nxe4 26. Nxe4 Nxd5 27. f5 Bd4+ 28. Kh1 Nb4 29. Qb3 Rd7 30. Rxd7 Qxd7 31. fxg6 hxg6 32. Bc3 Re8 33. Bf3 Qb5 34. Bxd4 Qxf1+ 35. Kh2 cxd4 36. Nf6+ Kf8 37. Qxb4+ Re7 38. Nd5 Qe1 39. Qxe7+ Qxe7 40. Nxe7 Kxe7 41. Kg3 Kd6 42. Kf2 Kc5 43. Ke2 Kb4 44. Kd2 f5 45. Kd3 g5 46. Bd1 g4 47. hxg4 fxg4 48. Kxd4 g3 49. Ke3 1-0


[Site "https://www.chess.com"]

[Event "Titled Tuesday Blitz February 07 Late 2023"]
[White "Gomes, Luiz Alexandre de Souza"]
[Black "Kochetov, Andrey"]
[WhiteFideId "2102790"]
[BlackFideId "24130532"]
[WhiteElo "2254"]
[BlackElo "2165"]
[Result "0-1"]
[Round "08"]
[TimeControl "180+2"]
[Date "2023.02.07"]
[WhiteClock "0:00:01"]
[BlackClock "0:00:05"]

1. e4 c5 2. Nf3 d6 3. d4 cxd4 4. Nxd4 Nf6 5. Nc3 Nc6 6. Be2 e5 7. Nb3 Be7 8. g4 h6 9. Rg1 Be6 10. h4 g6 11. g5 hxg5 12. hxg5 Nh7 13. Nd5 Bxg5 14. Bxg5 Nxg5 15. Qd3 Rh3 16. f3 Rc8 17. O-O-O Kf8 18. Kb1 Bxd5 19. Qxd5 Ne6 20. c3 Nf4 21. Qd2 Rh2 22. Rge1 Qh4 23. Qe3 Ng2 24. Qg1 Nxe1 25. Rxe1 Kg7 26. Bc4 Qf2 27. Qxf2 Rxf2 28. Re3 Rh8 29. Nc1 Rhh2 30. b4 Rb2+ 31. Ka1 Rbc2 32. Kb1 Ne7 33. Bb3 Rcg2 34. Rd3 g5 35. Rxd6 Ng6 36. Rd7 Nh8 37. c4 Rf2 38. c5 Rxf3 39. Rxb7 g4 40. c6 g3 41. c7 Rc3 42. c8=Q Rxc8 43. Nd3 g2 0-1


[Site "https://www.chess.com"]

[Event "Titled Tuesday Blitz February 07 Late 2023"]
[White "Vovk, Orest"]
[Black "Gardezi, Arsal"]
[WhiteFideId "14113490"]
[BlackFideId "30949521"]
[WhiteElo "2315"]
[BlackElo "2093"]
[Result "0-1"]
[Round "08"]
[TimeControl "180+2"]
[Date "2023.02.07"]
[WhiteClock "0:00:01"]
[BlackClock "0:00:43"]

1. h4 e5 2. h5 Bc5 3. d4 Bxd4 4. Nf3 Nc6 5. Nxd4 Nxd4 6. h6 g6 7. Nc3 d6 8. Be3 Nf5 9. Bd2 d5 10. e4 dxe4 11. Nxe4 Be6 12. Bc3 f6 13. Qe2 Kf7 14. Rd1 Qe7 15. Qb5 Ngxh6 16. Bb4 Qe8 17. Qxb7 Qc8 18. Qc6 Rd8 19. Rxd8 Qxd8 20. g4 Nd4 21. Qc3 Kg7 22. f3 f5 23. g5 Nf7 24. Nc5 Nxg5 25. Nxe6+ Ngxe6 26. Bc4 Qf6 27. Kf2 e4 28. Bd5 exf3 0-1


[Site "https://www.chess.com"]

[Event "Titled Tuesday Blitz February 07 Late 2023"]
[White "Toktomushev, Teimur"]
[Black "Yeritsyan, Hayk"]
[WhiteFideId "14176726"]
[BlackFideId "13307320"]
[WhiteElo "2239"]
[BlackElo "2241"]
[Result "1/2-1/2"]
[Round "08"]
[TimeControl "180+2"]
[Date "2023.02.07"]
[WhiteClock "0:00:04"]
[BlackClock "0:01:02"]

1. d4 d5 2. c4 c6 3. Nc3 Nf6 4. e3 e6 5. Nf3 Bd6 6. Bd3 Nbd7 7. e4 dxc4 8. Bxc4 e5 9. O-O Qe7 10. h3 h6 11. Be3 O-O 12. Nh4 Nb6 13. Ng6 Qc7 14. Bb3 Re8 15. dxe5 Bxe5 16. Nxe5 Qxe5 17. f4 Qe7 18. Bxb6 axb6 19. e5 Nd7 20. Bc2 Nc5 21. Qe2 Be6 22. f5 Bd7 23. Rae1 Rad8 24. f6 gxf6 25. Qh5 f5 26. Qxh6 Qe6 27. Qf4 Qg6 28. Rf3 Kf8 29. Rg3 Qh7 30. Rf1 Be6 31. Bxf5 Bxf5 32. Qxf5 Qxf5 33. Rxf5 Ne6 34. Rgf3 Rd7 35. Ne4 Nd4 36. Ng5 Nxf3+ 37. gxf3 Kg7 38. Kg2 Rh8 39. f4 c5 40. Kg3 Rd3+ 41. Kg4 Rd7 42. e6 fxe6 43. Nxe6+ Kg8 44. Rf8+ Kh7 45. Ng5+ Kg7 46. Ne6+ Kh7 47. Ng5+ Kg7 48. Ne6+ Kh7 1/2-1/2


[Site "https://www.chess.com"]

[Event "Titled Tuesday Blitz February 07 Late 2023"]
[White "Harish, Neeraj"]
[Black "Marczuk, Dominik"]
[WhiteFideId "30958130"]
[BlackFideId "1111264"]
[WhiteElo "2232"]
[BlackElo "2253"]
[Result "1-0"]
[Round "08"]
[TimeControl "180+2"]
[Date "2023.02.07"]
[WhiteClock "0:00:10"]
[BlackClock "0:00:01"]

1. e4 c5 2. Nf3 d6 3. d4 cxd4 4. Nxd4 Nf6 5. Nc3 a6 6. Be3 e5 7. Nb3 Be7 8. f3 Be6 9. Qd2 O-O 10. O-O-O Qc7 11. Kb1 Rc8 12. g4 d5 13. g5 d4 14. gxf6 dxe3 15. Qxe3 Bxf6 16. Bd3 Nc6 17. Rhg1 g6 18. Nd5 Bxd5 19. exd5 Nb4 20. d6 Qd8 21. Be4 a5 22. c3 Nc6 23. Nc5 b6 24. d7 Rc7 25. Nb7 Qf8 26. Qxb6 Bd8 27. Nxd8 Qxd8 28. Bxc6 Rb8 29. Qc5 Qf6 30. Qd6 Qd8 31. Qxe5 Rxc6 32. Qxb8 Qxb8 33. d8=Q+ Kg7 34. Qxb8 1-0


[Site "https://www.chess.com"]

[Event "Titled Tuesday Blitz February 07 Late 2023"]
[White "Garcia Almaguer, Juan Manuel"]
[Black "Vlassov, Nikolai"]
[WhiteFideId "5110491"]
[BlackFideId "4103360"]
[WhiteElo "2090"]
[BlackElo "2283"]
[Result "1-0"]
[Round "08"]
[TimeControl "180+2"]
[Date "2023.02.07"]
[WhiteClock "0:00:35"]
[BlackClock "0:00:03"]

1. e4 Nc6 2. Nf3 d5 3. exd5 Qxd5 4. b3 Bg4 5. Bb2 Bxf3 6. Qxf3 Qxf3 7. gxf3 O-O-O 8. Na3 Nd4 9. Bxd4 Rxd4 10. Nb5 Rf4 11. Nxa7+ Kb8 12. Nb5 Rxf3 13. Bg2 Rf5 14. a4 Re5+ 15. Kd1 Nf6 16. d4 Rg5 17. Bf3 e5 18. c4 exd4 19. a5 Rf5 20. a6 bxa6 21. Bc6 Rc5 22. Rxa6 Rxc6 23. Rxc6 Ne4 24. Ke2 Bb4 25. Ra1 Re8 26. Kf3 Nd2+ 27. Kg2 Re2 28. Ra2 d3 29. Nxc7 Nxb3 30. Na6+ Kb7 31. Nxb4 d2 32. Rd6 Re1 33. Raxd2 Nxd2 34. Rxd2 Kb6 35. Rd7 Kc5 36. Nd3+ 1-0


[Site "https://www.chess.com"]

[Event "Titled Tuesday Blitz February 07 Late 2023"]
[White "Romanchuk, Viktor"]
[Black "Mesa Cruz, Juan Carlos"]
[WhiteFideId "14109271"]
[BlackFideId "6423400"]
[WhiteElo "2266"]
[BlackElo "2122"]
[Result "0-1"]
[Round "08"]
[TimeControl "180+2"]
[Date "2023.02.07"]
[WhiteClock "0:00:51"]
[BlackClock "0:01:05"]

1. d4 Nf6 2. c4 e6 3. Nc3 Bb4 4. e3 O-O 5. Ne2 b6 6. a3 Bxc3+ 7. Nxc3 Bb7 8. Bd3 d5 9. O-O Nbd7 10. cxd5 exd5 11. b4 Rc8 12. b5 c5 13. bxc6 Rxc6 14. Ne2 Re8 15. a4 Ne4 16. Ba3 Rh6 17. f3 Nd6 18. Bc1 Qh4 19. h3 Nf8 20. Ra2 Bc8 21. e4 dxe4 22. fxe4 Rg6 23. Nf4 Rg3 24. e5 Nf5 25. Qh5 Qxh5 26. Nxh5 Rxd3 27. Raf2 Rxd4 28. Rxf5 Bxf5 29. Rxf5 Rd1+ 30. Rf1 Rxf1+ 31. Kxf1 Rxe5 32. Ng3 Ra5 0-1


[Site "https://www.chess.com"]

[Event "Titled Tuesday Blitz February 07 Late 2023"]
[White "Aguilar, Juan"]
[Black "Czopor, Maciej"]
[WhiteFideId "3800091"]
[BlackFideId "21805431"]
[WhiteElo "2254"]
[BlackElo "2385"]
[Result "0-1"]
[Round "08"]
[TimeControl "180+2"]
[Date "2023.02.07"]
[WhiteClock "0:01:28"]
[BlackClock "0:01:54"]

1. Nf3 Nf6 2. g3 g6 3. Bg2 Bg7 4. O-O O-O 5. d3 d5 6. Nbd2 c5 7. e4 Nc6 8. c3 Bg4 9. h3 Bxf3 10. Qxf3 d4 11. Qe2 e5 12. f4 Nh5 13. Qf3 dxc3 14. bxc3 exf4 15. gxf4 Bxc3 16. Rb1 Bd4+ 17. Kh2 Nxf4 18. Rxb7 Nxd3 19. Nc4 Nce5 20. Nxe5 Bxe5+ 21. Kh1 Nxc1 22. Rxc1 Rc8 23. Bf1 Qd2 0-1


[Site "https://www.chess.com"]